 Dungeon Crawl Stone Soup version 0.23-a0-295-g2e428d4 (webtiles) character file.

77 DapperDogman the Zephyrmancer (level 4, 0/32 HPs)
             Began as a Gnoll Wanderer on Oct 4, 2018.
             Was an Initiate of Qazlal.
             Slain by Grinder (8 damage)
             ... on level 3 of the Dungeon.
             The game lasted 00:08:16 (2633 turns).

DapperDogman the Zephyrmancer (Gnoll Wanderer)      Turns: 2633, Time: 00:08:17

Health: 0/32       AC: 12    Str: 14    XL:     4   Next: 34%
Magic:  13/13      EV:  6    Int: 15    God:    Qazlal [......]
Gold:   57         SH:  0    Dex: 15    Spells: 17/17 levels left

rFire    . . .     SeeInvis +   B - +0 flail
rCold    . . .     Gourm    .   (no shield)
rNeg     . . .     Faith    .   u - +0 chain mail
rPois    .         Spirit   .   (no helmet)
rElec    .         Reflect  .   (no cloak)
rCorr    .         Harm     .   (no gloves)
MR       .....                  j - +1 pair of boots
Stlth    ..........             (no amulet)
HPRegen  0.10/turn              r - +2 ring of protection
MPRegen  0.13/turn              q - ring of see invisible

@: no status effects
A: distributed training, fangs 1, strong nose
a: Renounce Religion


You were on level 3 of the Dungeon.
You worshipped Qazlal.
Qazlal was noncommittal.
You were not hungry.

You visited 1 branch of the dungeon, and saw 3 of its levels.

You collected 57 gold pieces.

Inventory:

Hand Weapons
 b - a +2 blowgun
 v - a +0 hunting sling
 B - a +0 flail (weapon)
Missiles
 c - 6 poisoned needles
 h - 39 sling bullets
 i - 12 tomahawks
 A - 30 stones (quivered)
Armour
 e - a +0 robe
 j - a +1 pair of boots (worn)
 u - a +0 chain mail (worn)
Jewellery
 q - a ring of see invisible (right hand)
 r - a +2 ring of protection (left hand)
 x - a +4 ring of intelligence {unknown}
Scrolls
 l - 4 scrolls of remove curse
 m - 3 scrolls of teleportation
 n - a scroll of amnesia
 w - a scroll of identify
Potions
 d - a potion of lignification
 g - a potion of haste {unknown}
 k - 3 potions of agility {unknown}
 o - a potion of flight {unknown}
 p - a potion of might {unknown}
 s - 2 potions of heal wounds {unknown}
 t - 2 potions of curing {unknown}
Comestibles
 f - 3 rations


   Skills:
 + Level 1.1 Fighting
 + Level 1.1 Short Blades
 + Level 1.1 Long Blades
 + Level 1.1 Axes
 + Level 1.1 Maces & Flails
 + Level 1.1 Polearms
 + Level 1.1 Staves
 + Level 1.1 Slings
 + Level 1.1 Bows
 + Level 1.1 Crossbows
 + Level 4.6 Throwing
 + Level 1.1 Armour
 + Level 1.1 Dodging
 + Level 1.1 Stealth
 + Level 1.1 Shields
 + Level 1.1 Unarmed Combat
 + Level 7.2 Spellcasting
 + Level 0.8 Conjurations
 + Level 0.8 Hexes
 + Level 0.8 Charms
 + Level 0.8 Summonings
 + Level 0.8 Necromancy
 + Level 0.8 Translocations
 + Level 0.8 Transmutations
 + Level 0.8 Fire Magic
 + Level 0.8 Ice Magic
 + Level 8.8 Air Magic
 + Level 0.8 Earth Magic
 + Level 0.8 Poison Magic
 + Level 1.2 Invocations
 + Level 1.1 Evocations


You had 17 spell levels left.
You didn't know any spells.
Your spell library contained the following spells:

 Spells                   Type           Power        Failure   Level  Hunger
 Animate Skeleton         Necr           N/A          95%         1    None
 Regeneration             Chrm/Necr      #.........   100%        3    ##.....


Dungeon Overview and Level Annotations

Branches:
Dungeon (3/15)

Altars:
Dithmenos
Qazlal

Annotations:
D:3 Grinder


Innate Abilities, Weirdness & Mutations

Your experience applies equally to all skills.
You have very sharp teeth.
Your uncanny sense of smell can sniff out nearby items.


Message History

You throw a stone. The stone hits Grinder.
Grinder is almost dead.
Throwing (i - inventory. (/) - cycle)
A - 33 stones (quivered)
Press: ? - help, Shift-Dir - straight line, f/p - Grinder
Aim: Grinder (almost dead)
You throw a stone.
The stone hits Grinder but does no damage.
Grinder is almost dead.
Throwing (i - inventory. (/) - cycle)
A - 32 stones (quivered)
Press: ? - help, Shift-Dir - straight line, f/p - Grinder
Aim: Grinder (almost dead)
You throw a stone. The stone closely misses Grinder.
Throwing (i - inventory. (/) - cycle)
A - 31 stones (quivered)
Press: ? - help, Shift-Dir - straight line, f/p - Grinder
Aim: Grinder (almost dead)
You throw a stone.
The stone hits Grinder but does no damage.
Grinder is almost dead.
Grinder hits you!
You die...

#)# #)# #§# #.# #..
###### ######### #...<.
#.......# #.####
#@#####.#####.####
.....((5#####..........#
.#####.(##.†..#####.##.#
...(...##.# ###.##.#
##.(### #.# #....)..
#.(. ..# #.###### ..##
### #. ## #. ## #. .


You could see Grinder.

Vanquished Creatures
  2 adders (D:2)
  An ooze (D:1)
  A dart slug (D:2)
  4 orcs
  A ball python (D:2)
  4 giant cockroaches
  6 goblins
  2 hobgoblins
  4 jackals (D:2)
  A quokka (D:3)
  6 bats
  2 frilled lizards
  4 kobolds
  9 rats
47 creatures vanquished.

Notes
Turn   | Place    | Note
-------+----------+-------------------------------------------
     0 | D:1      | DapperDogman the Gnoll Wanderer began the quest for the
                  | Orb.
     0 | D:1      | DapperDogman set off with: 4 curare-tipped needles, a +2
                  | blowgun, a potion of lignification, a +0 robe, a ration
     0 | D:1      | Reached XP level 1. HP: 13/13 MP: 8/8
   179 | D:1      | Reached XP level 2. HP: 19/19 MP: 10/10
  1155 | D:2      | Reached XP level 3. HP: 25/25 MP: 11/11
  1477 | D:2      | Reached skill level 1 in Invocations
  1517 | D:2      | Found a shadowy altar of Dithmenos.
  1594 | D:2      | Found a stormy altar of Qazlal.
  1805 | D:2      | Became a worshipper of Qazlal Stormbringer
  1844 | D:2      | Reached skill level 1 in Fighting
  1844 | D:2      | Reached skill level 1 in Short Blades
  1844 | D:2      | Reached skill level 1 in Long Blades
  1844 | D:2      | Reached skill level 1 in Axes
  1844 | D:2      | Reached skill level 1 in Maces & Flails
  1844 | D:2      | Reached skill level 1 in Polearms
  1844 | D:2      | Reached skill level 1 in Staves
  1844 | D:2      | Reached skill level 1 in Slings
  1844 | D:2      | Reached skill level 1 in Bows
  1844 | D:2      | Reached skill level 1 in Crossbows
  1844 | D:2      | Reached skill level 1 in Armour
  1844 | D:2      | Reached skill level 1 in Dodging
  1844 | D:2      | Reached skill level 1 in Stealth
  1844 | D:2      | Reached skill level 1 in Shields
  1844 | D:2      | Reached skill level 1 in Unarmed Combat
  1844 | D:2      | Reached skill level 1 in Evocations
  1844 | D:2      | Reached XP level 4. HP: 28/32 MP: 13/13
  2605 | D:3      | Noticed Grinder
  2633 | D:3      | Slain by Grinder

Vault maps used:
D:1:      erik_arrival_blinker_ship
D:2:      grunt_dithmenos_smoke_and_mirrors, nicolae_overflow_crystal_walls,
          minmay_strange_pillars
D:3:      uniq_grinder

Skill      XL: |  1  2  3 |
---------------+----------+-----
Invocations    | 1 |  1.2
Fighting       | 1 |  1.1
Short Blades   | 1 |  1.1
Long Blades    | 1 |  1.1
Axes           | 1 |  1.1
Maces & Flails | 1 |  1.1
Polearms       | 1 |  1.1
Staves         | 1 |  1.1
Slings         | 1 |  1.1
Bows           | 1 |  1.1
Crossbows      | 1 |  1.1
Armour         | 1 |  1.1
Dodging        | 1 |  1.1
Stealth        | 1 |  1.1
Shields        | 1 |  1.1
Unarmed Combat | 1 |  1.1
Evocations     | 1 |  1.1
Throwing       | |  4.6
Spellcasting   | |  7.2
Conjurations   | |  0.8
Hexes          | |  0.8
Charms         | |  0.8
Summonings     | |  0.8
Necromancy     | |  0.8
Translocations | |  0.8
Transmutations | |  0.8
Fire Magic     | |  0.8
Ice Magic      | |  0.8
Air Magic      | |  8.8
Earth Magic    | |  0.8
Poison Magic   | |  0.8

Action                   |  1- 3 |  4- 6 || total
-------------------------+-------+-------++-------
Melee: Mace              |    49 |    41 ||    90
       Bite              |     3 |     7 ||    10
       Flail             |       |    17 ||    17
 Fire: Blowgun           |     9 |    12 ||    21
Throw: Tomahawk          |    20 |       ||    20
       Stone             |       |    30 ||    30
  Use: Scroll            |     1 |     8 ||     9
 Stab: Sleeping          |     4 |       ||     4
  Eat: Ration            |     2 |       ||     2
Armor: Robe              |    37 |       ||    37
       Chain mail        |       |    56 ||    56
Dodge: Dodged            |    92 |    25 ||   117

Table legend:
 A = Non-vault XP
 B = Vault XP
 C = Vault XP percentage of total XP
 D = Non-vault monster count
 E = Vault monster count
 F = Vault count percentage of total count
                 A         B        C        D         E       F
            +---------+---------+-------+---------+---------+-------
      Total |     111 |       0 |   0.0 |      47 |       0 |   0.0
            +---------+---------+-------+---------+---------+-------
        D:1 |      33 |       0 |   0.0 |      20 |       0 |   0.0
        D:2 |      56 |       0 |   0.0 |      16 |       0 |   0.0
        D:3 |      22 |       0 |   0.0 |      11 |       0 |   0.0
            +---------+---------+-------+---------+---------+-------
